 Dungeon Sprint DCSS version 0.21-a0-274-gc1afaeb (webtiles) character file.

44 Kidiri the Magician (level 3, -1/19 HPs)
             Began as a Deep Elf Fire Elementalist on Sept 17, 2017.
             Was a Believer of Vehumet.
             Slain by a flying skull (10 damage)
             ... in the Dungeon (Sprint VII: "The Pits") on Sept 18, 2017.
             The game lasted 00:04:35 (498 turns).

Kidiri the Magician (Deep Elf Fire Elementalist)     Turns: 498, Time: 00:04:36

Health: -1/19      AC:  2    Str:  5    XL:     3   Next: 39%
Magic:  4/13       EV: 13    Int: 20    God:    Vehumet [**....]
Gold:   0          SH:  0    Dex: 15    Spells: 6/15 levels left

rFire    . . .     SeeInvis .   j - +3 dagger (venom)
rCold    . . .     Gourm    .   (no shield)
rNeg     . . .     Faith    .   a - +0 robe
rPois    .         Spirit   .   (no helmet)
rElec    .         Reflect  .   (no cloak)
rCorr    .         Harm     .   (no gloves)
MR       .....     NoTele   +   (no boots)
Stlth    ++........             (no amulet)
HPRegen  0.06/turn              (no ring)
MPRegen  0.13/turn              (no ring)

@: no status effects
A: no striking features
a: Renounce Religion


You were in the Dungeon.
You worshipped Vehumet.
Vehumet was pleased with you.
You were not hungry.

You visited 1 branch

Inventory:

Hand Weapons
 j - a +3 dagger of venom (weapon)
Armour
 a - a +0 robe (worn)
Scrolls
 i - a scroll of blinking
 l - 3 scrolls of remove curse
 m - 5 scrolls of amnesia
 n - a scroll of summoning
Potions
 d - 6 potions of curing
 e - 6 potions of heal wounds
 f - a potion of haste
 g - 4 potions of magic
 h - 3 potions of berserk rage
 k - 2 potions of invisibility
Books
 b - a book of Flames

   Spells                             Type                      Level
   a - Flame Tongue                   Conjuration/Fire             1
   b - Throw Flame                    Conjuration/Fire             2
   c - Conjure Flame                  Conjuration/Fire             3
   d - Inner Flame                    Hexes/Fire                   3
   e - Sticky Flame                   Conjuration/Fire             4
   f - Fireball                       Conjuration/Fire             5
Comestibles
 c - 8 bread rations
 o - 40 fruits
 p - 7 meat rations
 q - 5 chunks of flesh


   Skills:
 - Level 2.4 Dodging
 - Level 2.4 Stealth
 * Level 6.5 Spellcasting
 + Level 2.0 Conjurations
 + Level 6.2 Fire Magic


You had 6 spell levels left.
You knew the following spells:

 Your Spells              Type           Power        Failure   Level  Hunger
a - Flame Tongue          Conj/Fire      ###..        1%          1    None
b - Throw Flame           Conj/Fire      ###...       2%          2    None
c - Conjure Flame         Conj/Fire      ###.....     5%          3    #......
d - Inner Flame           Hex/Fire       ###.....     9%          3    #......


Dungeon Overview and Level Annotations

Branches:
Dungeon (1/1)

Altars:
Ashenzari
Cheibriados
Dithmenos
Elyvilon
Fedhas
Gozag
Hepliaklqana
Kikubaaqudgha
Makhleb
Nemelex Xobeh
Okawaru
Qazlal
Ru
Sif Muna
Trog
Uskayaw
Vehumet
Wu Jian
Xom
Yredelemnul
Zin
The Shining One
Beogh
Jiyva
Lugonu


Message History

Confirm with . or Enter, or press ? or * to list all spells.
Aiming: Flame Tongue
Press: ? - help, Shift-Dir - straight line, f/p - quasit
Aim: a quasit (inner flame)
The flame tongue misses the flying skull.
The flame tongue misses the quasit.
The flying skull is engulfed in blazing flames.
The flying skull hits you!
Ouch! That really hurt!
Casting: Flame Tongue
Confirm with . or Enter, or press ? or * to list all spells.
Aiming: Flame Tongue
Press: ? - help, Shift-Dir - straight line, f/p - quasit
Aim: a quasit (inner flame)
The flame tongue hits the flying skull.
The flying skull appears unharmed.
The flying skull is moderately damaged.
The flying skull is engulfed in blazing flames.
The flying skull hits you!
Ouch! That really hurt!
You die...

#'#####+#####.....
#.#..#...).##.....
#.#))#####+#####+#
#.#))#...÷.##.....
#.#))#..)..##.....
#.#[[###+####.....
#.##+#.....##...<.
#.#.÷......##.....
#@#........##.....
#z###########.....
#5o...z.# ######
#.###...# #.# .#
#.# #.. #.. #..


You could see a flying skull, a quasit (inner flame) and an orc.

Vanquished Creatures
  A hound (D)
  An ufetubus (D)
  A leopard gecko (D)
  An orc (D)
  2 bats (D)
  A giant cockroach (D)
  A kobold (D)
  A quokka (D)
9 creatures vanquished.

Notes
Turn   | Place    | Note
-------+----------+-------------------------------------------
     0 | D        | Kidiri the Deep Elf Fire Elementalist began the quest for the Orb.
     0 | D        | Reached XP level 1. HP: 10/10 MP: 6/6
     0 | D        | Upgraded the game from 0.21-a0-273-g0785366 to 0.21-a0-274-gc1afaeb
   134 | D        | Found a bloodstained altar of Trog.
   134 | D        | Found a deep blue altar of Sif Muna.
   134 | D        | Found a viscous altar of Jiyva.
   134 | D        | Found a hazy altar of Hepliaklqana.
   134 | D        | Found an opulent altar of Gozag.
   135 | D        | Found a glowing golden altar of the Shining One.
   135 | D        | Found a glowing silver altar of Zin.
   135 | D        | Found a basalt altar of Yredelemnul.
   135 | D        | Found a shimmering altar of Xom.
   135 | D        | Found an ornate altar of the Wu Jian Council.
   135 | D        | Found a sacrificial altar of Ru.
   135 | D        | Found a stormy altar of Qazlal.
   135 | D        | Found an iron altar of Okawaru.
   135 | D        | Found a sparkling altar of Nemelex Xobeh.
   135 | D        | Found a burning altar of Makhleb.
   135 | D        | Found a blossoming altar of Fedhas.
   135 | D        | Found a white marble altar of Elyvilon.
   135 | D        | Found a shadowy altar of Dithmenos.
   135 | D        | Found a snail-covered altar of Cheibriados.
   137 | D        | Found a radiant altar of Vehumet.
   137 | D        | Found a corrupted altar of Lugonu.
   137 | D        | Found a roughly hewn altar of Beogh.
   138 | D        | Found a hide-covered altar of Uskayaw.
   138 | D        | Found an ancient bone altar of Kikubaaqudgha.
   138 | D        | Found a shattered altar of Ashenzari.
   145 | D        | Became a worshipper of Vehumet
   166 | D        | Reached XP level 2. HP: 11/15 MP: 7/9
   172 | D        | Learned a level 2 spell: Throw Flame
   232 | D        | Reached * piety under Vehumet
   232 | D        | Offered knowledge of Sting by Vehumet.
   233 | D        | Reached skill level 5 in Fire Magic
   345 | D        | Reached ** piety under Vehumet
   350 | D        | Offered knowledge of Searing Ray by Vehumet.
   350 | D        | Reached skill level 5 in Spellcasting
   360 | D        | Reached XP level 3. HP: 12/19 MP: 7/13
   365 | D        | Learned a level 3 spell: Conjure Flame
   369 | D        | Learned a level 3 spell: Inner Flame
   489 | D        | Noticed a flying skull
   498 | D        | Slain by a flying skull

Vault maps used:
D:        pitsprint

Skill      XL: |  1  2 |
---------------+-------+-----
Fire Magic     | 4 6 |  6.2
Spellcasting   | 4 6 |  6.5
Conjurations   | 2 |  2.0
Dodging        | |  2.4
Stealth        | |  2.4

Action                   || total
-------------------------++-------
Melee: Dagger            ||     4
 Cast: Flame Tongue      ||    17
       Conjure Flame     ||     1
       Throw Flame       ||     1
       Inner Flame       ||     1
 Stab: Sleeping          ||     3
Armor: Robe              ||     1
Dodge: Dodged            ||     9

Table legend:
 A = Spawn XP
 B = Non-spawn XP
 C = Spawn XP percentage of total XP
 D = Spawn monster count
 E = Non-spawn monster count
 F = Spawn count percentage of total count
 G = Total turns spent on level
                    A         B        C        D         E        F      G
               +---------+---------+-------+---------+---------+-------+---------
         Total |       0 |      63 |   0.0 |       0 |       9 |   0.0 |   498
               +---------+---------+-------+---------+---------+-------+---------
             D |       0 |      63 |   0.0 |       0 |       9 |   0.0 |   498
               +---------+---------+-------+---------+---------+-------+---------
